 Dungeon Crawl Stone Soup version 0.31.0-11-ge490571c62 (webtiles) character file.

Game seed: 17761014527830512999

221 qw the Shooter (level 5, -3/24 (26) HPs)
             Began as a Spriggan Hunter on Feb 4, 2024.
             Slain by a weeping skull (4 damage)
             ... in an ossuary.
             The game lasted 00:00:09 (2926 turns).

qw the Shooter (Spriggan Hunter)                    Turns: 2926, Time: 00:00:09

HP:   -3/24 (26)    AC:  2    Str:  7    XL:     5   Next: 65%
MP:   6/6           EV: 20    Int: 10    God:
Gold: 83            SH:  0    Dex: 21    Spells: 4/4 levels left

rFire   . . .        a - +0 shortbow
rCold   . . .        (shield currently unavailable)
rNeg    . . .        c - +0 robe
rPois   .            (helmet restricted)
rElec   .            (no cloak)
rCorr   .            (gloves unavailable)
SInv    +            (boots unavailable)
Will    .....        h - amulet of faith
Stlth   ++           (no ring)
HPRegen 0.24/turn    (no ring)
MPRegen 0.10/turn

%: faith
@: drained, very quick
A: very small, no large weapons, unfitting armour, see invisible, speed 3
a: no special abilities


You were in an ossuary.
You visited 1 branch of the dungeon, and saw 4 of its levels.
You also visited: Ossuary.

You collected 198 gold pieces.
You spent 115 gold pieces at shops.


Innate Abilities, Weirdness & Mutations

You are very small and have problems with some larger weapons.
You are too small for most types of armour.
You have supernaturally acute eyesight. (SInv)
You cover ground extremely quickly. (Speed+++)


   Skills:
 - Level 2.1 Fighting
 + Level 5.8 Ranged Weapons
 - Level 5.2 Dodging
 - Level 1.5 Stealth


You had 4 spell levels left.
You didn't know any spells.
Your spell library was empty.

Inventory:

Hand Weapons
 a - a +0 shortbow (weapon)
Armour
 c - a +0 robe (worn)
Jewellery
 d - the amulet "Xoq Ewnu" {RegenMP rN++ Will- Regen+ SInv}
   (You acquired it on level 1 of the Dungeon)

   [amulet of magic regeneration]

   RegenMP:   It increases your rate of magic regeneration.
   rN++:      It greatly protects you from negative energy.
   Will-:     It decreases your willpower.
   SInv:      It lets you see invisible.
   Regen+:    It increases your rate of health regeneration.
 h - an amulet of faith (around neck)
Scrolls
 g - a scroll of enchant armour
Potions
 b - a potion of curing {unknown}

Dungeon Overview and Level Annotations

Branches:
Dungeon (4/15)            Ossuary (1/1)
 Temple: D:4-7

Altars:
Vehumet

Shops:
D:3 ?   D:4 [[([


Message History

There is a large open door here.
b - a fizzy puce potion
There is a large open door here.
You open the large door.
A weeping skull and an elf zombie come into view.
The weeping skull gives a chilling moan.
Found three items.
You shoot an arrow. The arrow barely misses the elf zombie.
An orc zombie comes into view.
The elf zombie closely misses you.
You shoot an arrow.
The arrow closely misses the elf zombie.
The weeping skull's misery bubbles over.
The wave of grief passes through you.
You shoot an arrow.
The arrow closely misses the elf zombie.
The elf zombie hits you. The weeping skull touches you.
You feel drained.
You shoot an arrow. The arrow hits the elf zombie.
The elf zombie is lightly damaged.
The elf zombie completely misses you.
The weeping skull unleashes gushing sobs.
The wave of grief passes through you.
You shoot an arrow.
The arrow closely misses the elf zombie.
The elf zombie hits you. The weeping skull closely misses you.
You shoot an arrow. The arrow barely misses the elf zombie.
The elf zombie completely misses you. The weeping skull misses you.
You shoot an arrow.
The arrow closely misses the elf zombie.
The weeping skull's misery overflows.
The wave of grief passes through you. The elf zombie barely misses you.
You shoot an arrow. The arrow hits the elf zombie!
The elf zombie is lightly damaged.
The weeping skull touches you.
You feel drained. The elf zombie closely misses you.
You shoot an arrow.
The arrow closely misses the elf zombie.
The weeping skull touches you.
You die...
The weeping skull crumbles to pieces from sheer guilt.

### ??? .!? #0#
###+### #0###
##.....## ##zZZ#
##.......###0@#
+...^.....'..0#
+....}....'.#.###
+.........'...#.#
#.......###.0#.#
##.....## ##''.#
##+#'## #0###
#...# ##.## ##.##
#?.?#


You could see a weeping skull, an orc zombie and an elf zombie.

Vanquished Creatures
  A weeping skull (Ossuary)
  An iguana (D:4)
  A mummy (D:4)
  5 adders
  An orc (D:3)
  3 bats
  6 endoplasms
  5 giant cockroaches
  8 goblins
  6 hobgoblins
  2 jackals (D:2)
  8 kobolds
  3 ball pythons
  2 frilled lizards
  A goblin zombie (D:4)
  3 kobold zombies
  6 rats
62 creatures vanquished.

Notes
Turn   | Place    | Note
-------+----------+-------------------------------------------
     0 | D:1      | qw the Spriggan Hunter began the quest for the Orb.
     0 | D:1      | Reached XP level 1. HP: 10/10 MP: 2/2
     0 | D:1      | 0 ||| qw: Version: 0.3-a-160-g6735b56
     0 | D:1      | 0 ||| qw: Game counter: 4788
     0 | D:1      | 0 ||| qw: Melee chars always use a shield: true
     0 | D:1      | 0 ||| qw: God list: Okawaru
     0 | D:1      | 0 ||| qw: Allow faded altars: false
     0 | D:1      | 0 ||| qw: Do Orc after clearing Dungeon:15 true
     0 | D:1      | 0 ||| qw: Do second Lair branch before Depths: true
     0 | D:1      | 0 ||| qw: Lair rune preference: random
     0 | D:1      | 0 ||| qw: Goals: Normal
     0 | D:1      | 0 ||| PLANNING D:1-11
    72 | D:1      | Reached skill level 3 in Dodging
   115 | D:1      | Reached XP level 2. HP: 14/14 MP: 3/3
   626 | D:1      | 626 ||| UPGRADING to amulet of faith.
   631 | D:1      | 631 ||| READING scroll labelled ZUOGOH LYCWAUDGH.
   631 | D:1      | Identified a scroll of acquirement
   631 | D:1      | 631 ||| ACQUIRING amulet "Xoq Ewnu" {RegenMP rN++ Will-
                  | Regen+ SInv}
   631 | D:1      | Acquired the amulet "Xoq Ewnu" {RegenMP rN++ Will- Regen+
                  | SInv}
   633 | D:1      | 633 ||| READING scroll labelled ALIREMN GEWI.
   634 | D:1      | 634 ||| READING scroll labelled GOF AHUAVOEVIY.
   662 | D:1      | 662 ||| READING scroll labelled XITTIOQEITE.
   663 | D:1      | 663 ||| DROPPING scroll of butterflies.
   858 | D:2      | Reached XP level 3. HP: 18/18 MP: 4/4
  1425 | D:2      | 1425 ||| READING 2 scrolls labelled DONAPP XIWU.
  1429 | D:2      | 1429 ||| READING 2 scrolls labelled UBLALA MIAT.
  1429 | D:2      | 1429 ||| IDENTIFYING smoky inky potion
  1430 | D:2      | 1430 ||| READING scroll of identify.
  1430 | D:2      | 1430 ||| IDENTIFYING glowing purple potion
  1431 | D:2      | 1431 ||| READING scroll labelled DEUJ FAFEAH.
  1432 | D:2      | 1432 ||| DROPPING potion of degeneration.
  1433 | D:2      | 1433 ||| DROPPING potion of lignification.
  1847 | D:3      | Found Asyatz's Magic Scroll Emporium.
  1852 | D:3      | Reached XP level 4. HP: 22/22 MP: 5/5
  1858 | D:3      | 1858 ||| BUYING scroll of enchant armour (75 gold).
  1858 | D:3      | Bought a scroll of enchant armour for 75 gold pieces
  1858 | D:3      | 1858 ||| BUYING scroll of identify (20 gold).
  1858 | D:3      | Bought a scroll of identify for 20 gold pieces
  1858 | D:3      | 1858 ||| BUYING scroll of identify (20 gold).
  1858 | D:3      | Bought a scroll of identify for 20 gold pieces
  2160 | D:3      | 2160 ||| READING 2 scrolls of identify.
  2160 | D:3      | 2160 ||| IDENTIFYING blue potion
  2161 | D:3      | 2161 ||| READING scroll of identify.
  2161 | D:3      | 2161 ||| IDENTIFYING sedimented coppery potion
  2162 | D:3      | 2162 ||| READING scroll labelled FYIRIWIAPLEM.
  2263 | D:3      | 2263 ||| DROPPING potion of magic.
  2264 | D:3      | 2264 ||| DROPPING potion of attraction.
  2304 | D:4      | 2304 ||| PLANNING OSSUARY
  2320 | D:4      | Found Qehiw's Armour Boutique.
  2321 | D:4      | Found Welaypt's Armour Boutique.
  2323 | D:4      | Found Popp's Antique Weapon Boutique.
  2323 | D:4      | Found Ataschak's Armour Boutique.
  2344 | D:4      | 2344 ||| SHOPLISTING +2 robe of positive energy (176 gold,
                  | have 52).
  2401 | D:4      | HP: 5/22 [iguana (7)]
  2402 | D:4      | 2402 ||| READING scroll of teleportation.
  2652 | D:4      | Found a radiant altar of Vehumet.
  2833 | D:4      | Reached XP level 5. HP: 26/26 MP: 6/6
  2841 | D:4      | Found a sand-covered staircase.
  2850 | Ossuary  | Entered an ossuary
  2925 | Ossuary  | HP: 3/25 [weeping skull (5)]
  2925 | Ossuary  | HP: 1/24 [weeping skull (2)]
  2926 | Ossuary  | Slain by a weeping skull

Levels and vault maps discovered:
D:1:      wheals_arrival_linesprint, layout_basic
D:2:      layout_loops_ring, minmay_misc_feat_more_columns, st_stairs_1
D:3:      layout_basic, serial_shops, nicolae_shop_advertising_works
          [nicolae_subvault_shop_adworks]
D:4:      layout_basic, kennysheep_little_box, nicolae_ossuary_entry_giza,
          minmay_shop_grid_forest
Ossuary:  ossuary_crypta

Skill      XL: |  1  2  3  4 |
---------------+-------------+-----
Dodging        | 3 4 5 |  5.2
Ranged Weapons | 5 |  5.8
Fighting       | 2 |  2.1
Stealth        | |  1.5

Action                     |  1- 3 |  4- 6 || total
---------------------------+-------+-------++-------
   Fire: Shortbow          |    99 |    87 ||   186
    Use: Scroll            |     8 |     4 ||    12
 Armour: Robe              |     5 |     9 ||    14
  Dodge: Dodged            |    13 |    34 ||    47

Table legend:
 A = Non-vault XP
 B = Vault XP
 C = Vault XP percentage of total XP
 D = Non-vault monster count
 E = Vault monster count
 F = Vault count percentage of total count
                 A         B        C        D         E       F
            +---------+---------+-------+---------+---------+-------
      Total |     192 |     124 |  39.2 |      55 |       7 |  11.3
            +---------+---------+-------+---------+---------+-------
        D:1 |      34 |       0 |   0.0 |      21 |       0 |   0.0
        D:2 |      22 |       2 |   8.3 |      12 |       1 |   7.7
        D:3 |      41 |       0 |   0.0 |      10 |       0 |   0.0
        D:4 |      95 |      20 |  17.4 |      12 |       3 |  20.0
    Ossuary |       0 |     102 | 100.0 |       0 |       3 | 100.0
            +---------+---------+-------+---------+---------+-------
